 Dungeon Crawl Stone Soup version 0.18.1-48-g4cf74bf (webtiles) character file.

154277 torvon the Warrior (level 17, -5/144 HPs)
             Began as a Demonspawn Berserker on Aug 11, 2016.
             Was an Elder of Trog.
             Slain by a merfolk impaler
             ... wielding a +0 trident
              (6 damage)
             ... on level 4 of the Shoals.
             The game lasted 05:01:55 (36888 turns).

torvon the Warrior (Demonspawn Berserker)          Turns: 36888, Time: 05:01:56

Health: -5/144     AC: 31    Str: 27    XL:     17   Next: 6%
Magic:  17/17      EV: 13    Int: 11    God:    Trog [****..]
Gold:   968        SH:  3    Dex: 13    Spells: 0 memorised, 16 levels left

rFire  + + .     SeeInvis .     M - +6 great mace (protect)
rCold  + . .     Gourm    .     Q - +3 chain mail {rF+}
rNeg   + . .     Faith    .     (shield currently unavailable)
rPois  .         Spirit   .     j - +1 helmet {Int+3}
rElec  .         Dismiss  .     l - +0 cloak
rCorr  .         Reflect  +     z - +2 pair of gloves
SustAt .         Harm     .     (no boots)
MR     +++..     Rnd*Rage +     b - amulet of Impatience {Reflect rF+ rC+ rN+ Dex-5 SH+3}
Stlth  ..........               u - +4 ring of dexterity
                                d - ring of protection from magic

@: mighty, exhausted, slowed, studying Fighting, very slow, extremely resistant
to hostile enchantments, extremely unstealthy
A: claws 2, molten scales 2, berserk 1, demonic guardian 3, magic resistance 1,
spiny 2, weak 1
a: Berserk, Trog's Hand, Brothers in Arms, Burn Spellbooks, Renounce Religion


You were on level 4 of the Shoals.
You worshipped Trog.
Trog was greatly pleased with you.
You were hungry.

You visited 4 branches of the dungeon, and saw 29 of its levels.
You visited the Abyss 1 time.
You also visited: Ice Cave.

You collected 2996 gold pieces.
You spent 2028 gold pieces at shops.

Inventory:

Hand Weapons
 o - a +4 trident
 M - a +6 great mace of protection (weapon)
Missiles
 a - 19 tomahawks
 c - 5 steel javelins (quivered)
 n - 23 silver javelins
 A - 8 javelins of returning
 O - 16 javelins of penetration
Armour
 f - a +2 chain mail of poison resistance
 j - a +1 helmet of intelligence (worn)
 l - a +0 cloak (worn)
 z - a +2 pair of gloves (worn)
 F - a +2 chain mail of cold resistance
 Q - a +3 chain mail of fire resistance (worn)
 S - the cursed +0 chain mail "Puzip" {+Blink rCorr Stlth+, unknown}
   (You found it on level 4 of the Shoals)

   It lets you blink.
   It protects you from acid and corrosion.
   It makes you more stealthy.
   It has a curse placed upon it.
Jewellery
 b - the amulet of Impatience (around neck) {Reflect rF+ rC+ rN+ Dex-5 SH+3}
   (You bought it in a shop on level 2 of the Orcish Mines)

   [amulet of reflection]

   It shields you and reflects attacks.
   It affects your dexterity (-5).
   It protects you from fire.
   It protects you from cold.
   It protects you from negative energy.
   It affects your SH (+3).
 d - a ring of protection from magic (left hand)
 m - an uncursed amulet of regeneration {unknown}
 t - the macabre finger necklace {rN+, PROTECTION FROM NEGATIVES!}
   (You found it on level 15 of the Dungeon)

   [amulet of nothing]

   It protects you from negative energy.
 u - a +4 ring of dexterity (right hand)
 D - an uncursed ring of flight
 L - the ring "Keemox" {SustAt rElec}
   (You found it on level 14 of the Dungeon)

   [ring of sustain attributes]

   It sustains your strength, intelligence and dexterity.
   It insulates you from electricity.
Wands
 p - a wand of digging (11/24)
 w - a wand of paralysis (12/24)
 x - a wand of paralysis (23/24)
 U - a wand of acid (12/15)
Scrolls
 g - 2 scrolls of immolation
 h - 8 scrolls of remove curse
 q - a scroll of identify
 r - a scroll of enchant armour {unknown}
 G - 5 scrolls of teleportation
 H - a scroll of torment {unknown}
Potions
 e - a potion of might
 i - a potion of agility
 k - a potion of berserk rage
 B - a potion of ambrosia {unknown}
 C - a potion of flight
 E - 2 potions of resistance
 I - 3 potions of invisibility
 J - 2 potions of haste
 R - 4 potions of curing
Books
 N - a book of Summonings

   Spells                             Type                      Level
   a - Recall                         Summoning/Translocation      3
   b - Aura of Abjuration             Summoning                    5
   c - Summon Demon                   Summoning                    5
   d - Summon Forest                  Summoning/Translocation      5
   e - Summon Mana Viper              Hexes/Summoning              5
   f - Shadow Creatures               Summoning                    6
   Trog disapproves of the use of such an item.
 P - a manual of Fighting {BLESS TROG THE TROGSTER}
 V - the Reference Book on Lucky Malediction
   (You found it on level 4 of the Shoals)

   Spells                             Type                      Level
   a - Confusing Touch                Hexes                        2
   b - Warp Weapon                    Charms/Translocation         5
   c - Silence                        Hexes/Air                    5
   d - Ring of Flames                 Charms/Fire                  7
   Trog disapproves of the use of such an item.
Miscellaneous
 v - an ornate deck of defence {drawn: 3}
 y - a phial of floods
 T - a stone of tremors (inert) {THE EARTH WILL SHAKETH}
Comestibles
 s - 30 fruits


   Skills:
 + Level 16.1 Fighting
 * Level 15.7 Maces & Flails
 + Level 12.0 Throwing
 + Level 12.9 Armour
 + Level 11.0 Dodging


You had 16 spell levels left.
You didn't know any spells.

Dungeon Overview and Level Annotations

Branches:
Dungeon (15/15)            Temple (0/1) D:5            Lair (8/8) D:9
 Shoals (4/4) Lair:6       Spider (0/4) Lair:6        Slime (0/6) Lair:8
    Orc (2/2) D:12            Elf (0/3) Orc:2        Vaults (0/5) D:13
 Depths (0/5) D:15

Altars:
Ashenzari
Dithmenos
Fedhas
Makhleb
Nemelex Xobeh
Qazlal
Ru
Trog
Xom
Zin
The Shining One
Beogh

Shops:
D:4 =}   Orc:1 %*   Orc:2 =(*[(   Shoals:2 (

Annotations:
Lair:2 exclusion: oklob plant


Innate Abilities, Weirdness & Mutations

You have very sharp fingernails.
You are mostly covered in molten scales (AC +3, EV -1).
A powerful demonic guardian rushes to your aid.
You are mostly covered in sharp spines.
You tend to lose your temper in combat.
You are resistant to hostile enchantments.
You are weak. (Str -2)


Message History

The snapping turtle bites your earth elemental!!
You pound the merfolk like an anvil!!!
You kill the merfolk!
Trog accepts your kill.
Your ogre hits the merfolk impaler with a giant club!!
The merfolk impaler hits you from afar with a trident!
* * * LOW HITPOINT WARNING * * *
Your ogre closely misses the merfolk impaler.
The merfolk hits you from afar with a spear.
* * * LOW HITPOINT WARNING * * *
Your earth elemental hits the snapping turtle!!
The snapping turtle bites your earth elemental.
The merfolk impaler hits you from afar with a trident!
* * * LOW HITPOINT WARNING * * *
Your skin stops crawling.
You feel less resistant to hostile enchantments.
Your ogre completely misses the merfolk impaler.
The merfolk barely misses you.
The merfolk impaler hits you from afar with a trident.
You die...

≈# ##≈≈≈≈≈≈≈≈#≈.≈≈#≈≈
≈≈#######≈≈≈≈≈≈≈≈≈#≈.≈#≈≈≈
≈≈≈≈≈≈≈≈≈≈..≈≈≈≈≈≈##≈≈≈≈≈#
≈≈≈≈≈≈≈≈≈≈≈.≈≈≈≈≈≈≈.#≈≈≈≈≈
≈≈≈≈≈≈.≈...)≈≈≈≈≈≈≈≈######
≈≈≈≈≈≈............≈≈≈≈≈≈..
≈≈≈≈≈≈......Wm...≈≈≈≈≈≈...
≈≈≈≈≈≈}.(.##k....≈≈≈≈≈....
≈≈≈≈≈≈≈.?@#Et....≈≈≈≈≈....
≈≈≈≈≈≈≈..2Om#....≈≈≈≈≈....
≈≈≈≈≈≈≈....m)..###≈≈≈≈≈...
≈≈≈≈≈≈≈≈....(#.# #.≈≈≈≈≈..
≈≈≈≈≈≈≈≈≈.....## #...≈≈≈≈.
≈≈≈≈≈≈≈≈≈.##.## ##..≈≈≈..
≈≈≈≈≈≈≈≈≈..##. ##.≈....
≈≈≈≈≈≈≈≈. .. ...≈....
≈≈≈≈..≈≈≈ <≈. ..≈....≈≈


You could see a merfolk impaler, a merfolk, a friendly cacodemon and a friendly
ogre (berserk).

Vanquished Creatures
  Polyphemus (Shoals:2)
  Ilsuiw (Shoals:4)
  An orc warlord (Orc:1)
  A dire elephant (D:15)
  A vault guard (D:13)
  5 merfolk impalers
  A fire dragon (Lair:8)
  Erolcha (D:8)
  Erica (Lair:2)
  6 centaur warriors
  7 hydras
  An ogre mage (D:15)
  A death knight (D:13)
  A merfolk aquamancer (Shoals:4)
  A dancing weapon (Orc:2)
  A satyr (Shoals:3)
  5 death yaks
  An orc high priest (Orc:2)
  Urug (D:11)
  Sonja (D:12)
  An unseen horror (D:10)
  12 sea snakes
  A wizard (D:15)
  3 hill giants
  A phantasmal warrior (D:13)
  5 harpies (Shoals:1)
  A necromancer (D:13)
  5 cyclopes
  7 ugly things
  3 orc knights
  2 oklob plants
  14 manticores
  7 fauns (Shoals:3)
  4 orc sorcerers
  A salamander (D:15)
  5 griffons
  2 centaur zombies
  14 elephants
  Maurice (D:8)
  9 sirens
  4 water nymphs
  2 ice statues (IceCv)
  11 spiny frogs
  A black mamba (Lair:7)
  3 rime drakes
  A torpor snail (Lair:6)
  11 komodo dragons
  A freezing wraith (D:13)
  20 merfolk
  8 polar bears (Lair:8)
  3 trolls
  Grinder (D:3)
  5 two-headed ogres
  Prince Ribbit (D:9)
  2 raiju (Lair:8)
  13 blink frogs
  2 slime creatures (D:15)
  5 snapping turtles
  Sigmund (D:3)
  A redback (Lair:6)
  A wyvern (D:9)
  8 water elementals
  5 wraiths
  42 yaks
  8 humans (D:13)
  13 hippogriffs
  A hog (D:15)
  Eustachio (D:5)
  A hill giant zombie (D:12)
  7 vampire mosquitoes
  A steam dragon (D:14)
  5 basilisks
  2 hungry ghosts
  A fire elemental (D:14)
  6 mottled dragons
  Edmund (D:6)
  A soldier ant (shapeshifter) (D:13)
  10 wargs
  A soldier ant (D:12)
  Duvessa (D:6)
  10 water moccasins
  6 hell hounds
  10 porcupines
  44 orc warriors
  7 sky beasts
  13 black bears
  A necrophage (D:13)
  2 eyes of draining
  6 ice beasts
  14 ogres
  A wasp (D:8)
  28 wolves
  24 centaurs
  21 crocodiles
  4 phantoms
  3 big kobolds
  15 giant frogs
  2 wyvern zombies
  A water moccasin zombie (D:8)
  Dowan (D:6)
  3 scorpions
  A troll zombie (D:12)
  12 killer bees
  9 wights
  12 howler monkeys
  An electric eel (Lair:1)
  6 crimson imps
  A giant frog zombie (D:7)
  2 quasits
  21 hounds
  4 jellies
  23 orc priests
  33 orc wizards
  10 iguanas
  Terence (D:3)
  Natasha (twice) (D:4)
  6 worker ants
  21 sheep
  6 ogre zombies (D:12)
  A hound zombie (D:8)
  3 gnolls (D:7)
  11 adders
  49 river rats
  4 shadow imps
  12 white imps (Lair:6)
  5 worms
  2 adder skeletons
  3 adder zombies
  A dart slug (D:5)
  7 giant geckos
  105 orcs
  3 ball pythons
  6 giant cockroaches
  9 goblins
  7 hobgoblins
  15 jackals
  24 kobolds
  5 quokkas
  6 bats
  5 giant newts
  3 goblin zombies (D:12)
  A hobgoblin zombie (D:12)
  3 orc skeletons (D:12)
  15 orc zombies (D:12)
  A quokka skeleton (D:6)
  3 rats (D:1)
  2 fungi
  4 plants
1051 creatures vanquished.

Vanquished Creatures (collateral kills)
  Gastronok (D:8)
  Kirke (D:15)
  Roxanne (D:15)
  An orc warlord (Orc:2)
  Azrael (D:14)
  2 merfolk javelineers (Shoals:4)
  Josephine (D:15)
  A great orb of eyes (Abyss:2)
  4 hydras
  A catoblepas (Shoals:2)
  2 merfolk aquamancers
  9 death yaks
  A merfolk avatar (Shoals:1)
  2 orc high priests (Orc:2)
  A sea snake (Shoals:4)
  2 harpies (Shoals:1)
  A phantasmal warrior (D:13)
  2 necromancers (D:13)
  2 wizards (D:13)
  Pikel (D:4)
  2 orc knights (Orc:2)
  2 oklob plants (Lair:8)
  3 orc sorcerers (Orc:2)
  3 ugly things (D:15)
  2 black mambas
  2 torpor snails
  2 sirens
  7 elephants
  A rime drake (Lair:8)
  4 spiny frogs
  3 komodo dragons (Lair:8)
  A freezing wraith (D:15)
  A polar bear (Lair:8)
  10 merfolk
  2 blink frogs
  A raiju (Lair:8)
  6 slime creatures (D:15)
  A snapping turtle (Shoals:4)
  4 wraiths
  3 water elementals (Shoals:3)
  A hog (D:15)
  13 yaks
  A steam dragon (Lair:8)
  2 fire elementals (D:14)
  9 humans (D:13)
  A hungry ghost (D:12)
  A basilisk (Lair:8)
  A hippogriff (D:12)
  Menkaure (D:4)
  A mottled dragon (Lair:8)
  2 wargs (D:9)
  2 water moccasins
  4 hell hounds
  4 orc warriors
  A hell hound (shapeshifter) (D:14)
  5 ice beasts
  2 slaves (D:4)
  2 black bears (Lair:8)
  A swamp drake (Lair:8)
  An ogre (D:4)
  An eye of draining (shapeshifter) (D:14)
  3 wolves (Lair:4)
  2 centaurs (D:12)
  2 crocodiles (Lair:6)
  A big kobold (D:8)
  A giant frog (D:9)
  A killer bee (D:9)
  7 howler monkeys
  3 wights
  A crimson imp (D:9)
  3 orc priests
  3 orc wizards
  2 sheep (Lair:3)
  8 river rats
  2 adders
  An adder skeleton (D:9)
  15 orcs
  A kobold (D:9)
  A hobgoblin skeleton (D:12)
  2 orc zombies (D:12)
  A butterfly (D:5)
  A fungus (Lair:8)
  5 plants
219 creatures vanquished.

Vanquished Creatures (others)
  A yak (shapeshifter) (D:14)
  2 humans (D:15)
  2 orc priests (D:4)
  4 orcs
  20 fungi
  26 plants
55 creatures vanquished.

Grand Total: 1325 creatures vanquished

Notes
Turn   | Place    | Note
--------------------------------------------------------------
     0 | D:1      | torvon the Demonspawn Berserker began the quest for the Orb.
     0 | D:1      | Reached XP level 1. HP: 18/18 MP: 1/1
   306 | D:1      | Gained mutation: You are partially covered in sharp spines. [demonic ancestry]
   306 | D:1      | Reached XP level 2. HP: 24/24 MP: 2/2
   660 | D:1      | Reached ** piety under Trog
   687 | D:2      | Gained mutation: A weak demonic guardian rushes to your aid. [demonic ancestry]
   687 | D:2      | Reached XP level 3. HP: 27/29 MP: 3/3
  1804 | D:3      | Noticed Sigmund
  1811 | D:3      | Killed Sigmund
  1811 | D:3      | Reached skill level 4 in Fighting
  1811 | D:3      | Gained mutation: You have sharp fingernails. [demonic ancestry]
  1811 | D:3      | Reached XP level 4. HP: 35/37 MP: 4/4
  1811 | D:3      | Reached XP level 5. HP: 40/42 MP: 5/5
  1868 | D:3      | Reached *** piety under Trog
  1871 | D:3      | Gained mutation: A demonic guardian rushes to your aid. [demonic ancestry]
  1871 | D:3      | Reached XP level 6. HP: 48/48 MP: 6/6
  1940 | D:3      | Noticed Grinder
  1957 | D:3      | Killed Grinder
  2225 | D:3      | Received a gift from Trog
  2266 | D:3      | Noticed Terence
  2282 | D:3      | Killed Terence
  2355 | D:3      | Found a sparkling altar of Nemelex Xobeh.
  2429 | D:3      | Reached XP level 7. HP: 53/55 MP: 7/7
  2506 | D:3      | Found a stormy altar of Qazlal.
  2516 | D:3      | Found a burning altar of Makhleb.
  2638 | D:4      | Reached skill level 5 in Fighting
  2657 | D:4      | Noticed Pikel
  2670 | D:4      | Killed Pikel
  2732 | D:4      | Noticed Natasha
  2741 | D:4      | Killed Natasha
  2866 | D:4      | Found Ryoduquy's Gadget Shoppe.
  2880 | D:4      | Bought a wand of paralysis (5/24) for 84 gold pieces
  2995 | D:4      | Found Zeol's Jewellery Shoppe.
  3000 | D:4      | Noticed Natasha
  3002 | D:4      | Reached skill level 5 in Maces & Flails
  3006 | D:4      | Killed Natasha
  3006 | D:4      | Reached skill level 1 in Throwing
  3006 | D:4      | Reached XP level 8. HP: 41/63 MP: 8/8
  3014 | D:4      | Noticed Menkaure
  3026 | D:4      | Killed Menkaure
  3151 | D:4      | Bought a +2 ring of protection for 140 gold pieces
  3216 | D:5      | Entered Level 5 of the Dungeon
  3217 | D:5      | Noticed Eustachio
  3221 | D:5      | Found a staircase to the Ecumenical Temple.
  3236 | D:5      | Killed Eustachio
  3418 | D:5      | Reached skill level 6 in Fighting
  3419 | D:5      | Found a shimmering altar of Xom.
  3549 | D:5      | Reached **** piety under Trog
  3679 | D:5      | Found a glowing golden altar of the Shining One.
  3755 | D:5      | Reached skill level 5 in Armour
  4026 | D:6      | Received a gift from Trog
  4224 | D:6      | Found a sacrificial altar of Ru.
  4233 | D:6      | Gained mutation: You are partially covered in molten scales (AC +1). [demonic ancestry]
  4233 | D:6      | Reached XP level 9. HP: 71/71 MP: 9/9
  4385 | D:6      | Noticed Edmund
  4394 | D:6      | Killed Edmund
  4394 | D:6      | Reached skill level 7 in Fighting
  4490 | D:6      | Got an encrusted ring mail
  4831 | D:6      | Noticed Duvessa
  4844 | D:6      | Killed Duvessa
  4849 | D:6      | Found a blossoming altar of Fedhas.
  4850 | D:6      | Noticed Dowan
  4853 | D:6      | Killed Dowan
  5248 | D:7      | Found a shadowy altar of Dithmenos.
  5713 | D:8      | Noticed Erolcha
  5720 | D:8      | Killed Erolcha
  5720 | D:8      | Reached skill level 5 in Throwing
  5728 | D:8      | Reached XP level 10. HP: 80/80 MP: 10/10
  5738 | D:8      | Received a gift from Trog
  5796 | D:8      | Reached skill level 8 in Fighting
  6062 | D:8      | Noticed Gastronok
  6068 | D:8      | Killed Gastronok
  6284 | D:8      | Noticed Maurice
  6302 | D:8      | Killed Maurice
  6802 | D:9      | Noticed Prince Ribbit
  6974 | D:9      | Found a burning altar of Makhleb.
  6986 | D:9      | Reached ***** piety under Trog
  7059 | D:9      | Got a dazzling whip
  7064 | D:9      | Gained mutation: You are resistant to hostile enchantments. [potion of mutation]
  7064 | D:9      | Gained mutation: You tend to lose your temper in combat. [potion of mutation]
  7064 | D:9      | Gained mutation: You are weak. (Str -2) [potion of mutation]
  7220 | D:9      | Killed Prince Ribbit
  7220 | D:9      | Received a gift from Trog
  7220 | D:9      | Reached skill level 9 in Fighting
  7654 | D:9      | Found Zin's Purification Station.
  7667 | D:9      | Found a glowing silver altar of Zin.
  7677 | D:9      | Bought a potion of curing for 90 gold pieces
  7746 | D:9      | Gained mutation: You have very sharp fingernails. [demonic ancestry]
  7746 | D:9      | Reached XP level 11. HP: 89/89 MP: 11/11
  7833 | D:9      | Found a staircase to the Lair.
  8103 | Lair:1   | Entered Level 1 of the Lair of Beasts
  8800 | Lair:1   | Noticed a four-headed hydra
  8805 | Lair:1   | Killed a four-headed hydra
  9615 | Lair:2   | Received a gift from Trog
  9866 | Lair:2   | Reached skill level 5 in Dodging
 10267 | Lair:2   | Noticed an oklob plant
 10374 | Lair:2   | Noticed Erica
 10384 | Lair:2   | Killed Erica
 10384 | Lair:2   | Reached skill level 10 in Fighting
 10485 | Lair:3   | Gained mutation: You are mostly covered in molten scales (AC +3, EV -1). [demonic ancestry]
 10485 | Lair:3   | Reached XP level 12. HP: 89/97 MP: 12/12
 10552 | Lair:3   | You fall through a shaft!
 11395 | Lair:3   | Reached skill level 10 in Maces & Flails
 11828 | Lair:4   | Reached ****** piety under Trog
 11829 | Lair:4   | Received a gift from Trog
 12575 | Lair:5   | Noticed a five-headed hydra
 12580 | Lair:5   | Killed a five-headed hydra
 12609 | Lair:5   | Noticed a seven-headed hydra
 12619 | Lair:5   | Killed a seven-headed hydra
 12904 | Lair:6   | Found a staircase to the Shoals.
 12994 | Lair:6   | Received a gift from Trog
 12998 | Lair:6   | Noticed an eight-headed hydra
 13005 | Lair:6   | Killed an eight-headed hydra
 13064 | Lair:6   | Found a frozen archway.
 13121 | IceCv    | Entered an ice cave
 13126 | IceCv    | Received a gift from Trog
 13592 | Lair:6   | Reached skill level 11 in Fighting
 13660 | Lair:6   | Found a hole to the Spider Nest.
 13791 | Lair:6   | Noticed a five-headed hydra
 13796 | Lair:6   | Killed a five-headed hydra
 13796 | Lair:6   | Reached skill level 10 in Armour
 13796 | Lair:6   | Reached XP level 13. HP: 97/106 MP: 13/13
 14702 | Lair:8   | Entered Level 8 of the Lair of Beasts
 14923 | Lair:8   | Received a gift from Trog
 15377 | Lair:8   | Reached skill level 12 in Fighting
 15577 | Lair:8   | Noticed a fire dragon
 15591 | Lair:8   | Killed a fire dragon
 16157 | Lair:8   | Gained mutation: A powerful demonic guardian rushes to your aid. [demonic ancestry]
 16157 | Lair:8   | Reached XP level 14. HP: 76/116 MP: 14/14
 16486 | Lair:8   | Found a staircase to the Slime Pits.
 16871 | Shoals:1 | Entered Level 1 of the Shoals
 17110 | Lair:8   | Received a gift from Trog
 17330 | Lair:8   | Reached skill level 10 in Throwing
 17524 | Lair:8   | Received a gift from Trog
 17565 | Lair:8   | Reached skill level 13 in Fighting
 18312 | D:10     | Entered Level 10 of the Dungeon
 18383 | D:10     | Received a gift from Trog
 18971 | D:10     | Received a gift from Trog
 19476 | D:11     | Found a large runed door.
 19477 | D:11     | Found a large runed door.
 19485 | D:11     | Found a large runed door.
 19485 | D:11     | Found a large runed door.
 19535 | D:11     | Received a gift from Trog
 20136 | D:11     | Noticed Urug
 20149 | D:11     | Killed Urug
 20388 | D:12     | Found a staircase to the Orcish Mines.
 20499 | D:12     | Noticed Sonja
 20600 | D:12     | Killed Sonja
 21073 | D:12     | Received a gift from Trog
 21430 | D:12     | Received a gift from Trog
 21479 | D:12     | Found a shattered altar of Ashenzari.
 21795 | D:13     | Reached XP level 15. HP: 125/125 MP: 15/15
 22350 | D:13     | Found a gate to the Vaults.
 22703 | D:13     | Reached skill level 14 in Fighting
 23445 | D:14     | Got a crude turquoise ring
 23482 | D:14     | Identified the ring "Keemox" {SustAt rElec} (You found it on level 14 of the Dungeon)
 23546 | D:14     | Noticed Azrael
 23557 | D:14     | Killed Azrael
 23557 | D:14     | Received a gift from Trog
 24017 | D:14     | Found a blossoming altar of Fedhas.
 24039 | D:14     | Identified a scroll of acquirement
 24182 | D:15     | Entered Level 15 of the Dungeon
 24191 | D:15     | Received a gift from Trog
 24256 | D:15     | Noticed Josephine
 24264 | D:15     | Killed Josephine
 24745 | D:15     | Noticed Kirke
 24756 | D:15     | Killed Kirke
 24778 | D:15     | Noticed Roxanne
 24791 | D:15     | Killed Roxanne
 24793 | D:15     | Identified Roxanne's Catalogue of Clay (You took it off Roxanne on level 15 of the Dungeon)
 25354 | D:15     | Received a gift from Trog
 25589 | D:15     | Found a staircase to the Depths.
 26072 | Orc:1    | Entered Level 1 of the Orcish Mines
 26076 | Orc:1    | Received a gift from Trog
 26361 | Orc:1    | Received a gift from Trog
 26559 | Orc:2    | Entered Level 2 of the Orcish Mines
 26559 | Orc:2    | Found Iseiper's Antique Weapon Emporium.
 26723 | Orc:2    | Found a roughly hewn altar of Beogh.
 26820 | Orc:2    | Found a staircase to the Elven Halls.
 27135 | Orc:2    | Received a gift from Trog
 27175 | Orc:2    | Noticed an orc warlord
 27187 | Orc:2    | Killed an orc warlord
 27193 | Orc:2    | Reached skill level 10 in Dodging
 27533 | Orc:2    | Found Eniusieg's General Store.
 27537 | Orc:2    | Found Deni's Jewellery Shoppe.
 27551 | Orc:2    | Paralysed by an orc sorcerer for 5 turns
 27554 | Orc:2    | Gained mutation: You are mostly covered in sharp spines. [demonic ancestry]
 27554 | Orc:2    | Reached XP level 16. HP: 102/134 MP: 16/16
 27569 | Orc:2    | Found Wiah's Antique Armour Emporium.
 27569 | Orc:2    | Found Jiawina's Antique Weapon Emporium.
 27623 | Orc:2    | Bought the amulet of Impatience {Reflect rF+ rC+ rN+ Dex-5 SH+3} for 516 gold pieces
 27623 | Orc:2    | Bought the ring "Cykegues" {*Drain rPois Int+3 Dex+4 Stlth+} for 491 gold pieces
 27916 | Orc:2    | Bought a glowing helmet for 139 gold pieces
 27916 | Orc:2    | Bought a runed chain mail for 139 gold pieces
 27916 | Orc:2    | Bought a shiny chain mail for 139 gold pieces
 27918 | Orc:2    | Bought a glowing morningstar for 140 gold pieces
 28087 | Orc:1    | Found Toosuser's Food Shop.
 28381 | Orc:1    | Received a gift from Trog
 28481 | Orc:1    | Found Iesy's Incredible Inventory.
 28783 | Orc:1    | Bought a scroll of identify for 24 gold pieces
 28799 | Orc:1    | Bought 4 fruits for 72 gold pieces
 28799 | Orc:1    | Bought a fruit for 18 gold pieces
 28799 | Orc:1    | Bought a beef jerky for 18 gold pieces
 28799 | Orc:1    | Bought a beef jerky for 18 gold pieces
 29060 | Orc:2    | Received a gift from Trog
 29121 | Orc:2    | Cast into level 2 of the Abyss (war axe of distortion)
 29205 | Orc:2    | Escaped the Abyss
 30387 | Shoals:1 | Received a gift from Trog
 30391 | Shoals:1 | Got a scorched quick blade {god gift}
 30400 | Shoals:1 | Identified the +4 quick blade of Hokkanett {elec, Dex+6} (Trog gifted it to you on level 1 of the Shoals)
 30421 | Shoals:1 | Reached skill level 15 in Fighting
 30735 | Shoals:1 | Found a bloodstained altar of Trog.
 31161 | Shoals:1 | Reached skill level 15 in Maces & Flails
 31346 | Shoals:2 | Noticed Polyphemus
 31816 | Shoals:2 | Killed Polyphemus
 32703 | Shoals:2 | Found Ehossot's Weapon Emporium.
 33846 | Shoals:3 | Received a gift from Trog
 34440 | Shoals:3 | Received a gift from Trog
 34807 | Shoals:3 | HP: 5/138 [water nymph/the raging water (32)]
 35908 | Shoals:4 | Entered Level 4 of the Shoals
 36552 | Shoals:4 | Reached skill level 16 in Fighting
 36583 | Shoals:4 | Received a gift from Trog
 36632 | Shoals:4 | Reached XP level 17. HP: 89/144 MP: 17/17
 36662 | Shoals:4 | Noticed Ilsuiw
 36676 | Shoals:4 | Killed Ilsuiw
 36717 | Shoals:4 | Got a crude chain mail
 36728 | Shoals:4 | Identified the Reference Book on Lucky Malediction
 36887 | Shoals:4 | HP: 1/144 [merfolk impaler/trident (12)]
 36888 | Shoals:4 | Slain by a merfolk impaler

Skill      XL: |  1  2  3  4  5  6  7  8  9 10 11 12 13 14 15 16 17 |
---------------+----------------------------------------------------+-----
Dodging        | 2 3 4 5 6 7 8 10 11 | 11.0
Armour         | 2 3 4 5 6 8 9 10 11 12 | 12.9
Maces & Flails | 3 4 5 6 7 8 9 11 12 13 14 15 | 15.7
Fighting       | 4 5 6 7 9 10 11 12 13 14 16 | 16.1
Throwing       | 1 3 5 6 7 8 9 10 11 12 | 12.0

Action                   |  1- 3 |  4- 6 |  7- 9 | 10-12 | 13-15 | 16-18 || total
-------------------------+-------+-------+-------+-------+-------+-------++-------
Melee: Mace              |    72 |    48 |   226 |   311 |       |       ||   657
       Great mace        |       |       |       |   301 |  1202 |   366 ||  1869
       Unarmed           |       |       |       |       |    13 |       ||    13
       Morningstar       |       |       |       |       |       |    87 ||    87
Throw: Javelin           |     1 |       |    32 |    77 |   187 |   179 ||   476
       Tomahawk          |       |       |       |       |       |     5 ||     5
Invok: Berserk           |     1 |     1 |     9 |    23 |    38 |    16 ||    88
       Trog's Hand       |       |       |     2 |     2 |     5 |     6 ||    15
       Brothers in Arms  |       |       |       |     3 |    10 |     7 ||    20
       Burn Spellbooks   |       |       |       |     1 |     5 |     2 ||     8
 Abil: Evoke Flight      |       |       |       |       |     1 |       ||     1
Evoke: Wand              |       |       |       |     1 |     2 |     1 ||     4
       Deck              |       |       |       |       |     2 |     1 ||     3
       Stone of tremors  |       |       |       |       |       |     1 ||     1
  Use: Scroll            |       |     3 |     4 |    16 |    25 |     4 ||    52
       Potion            |       |       |       |     8 |     6 |     9 ||    23
 Stab: Distracted        |       |     1 |     1 |     5 |     5 |     1 ||    13
       Paralysed         |       |       |       |     1 |       |       ||     1
       Invisible         |       |       |       |       |       |     5 ||     5
  Eat: Bread ration      |     1 |       |     4 |     1 |     5 |     2 ||    13
       Chunk             |       |     2 |     3 |    18 |    25 |     8 ||    56
       Beef jerky        |       |       |     2 |     2 |    19 |     2 ||    25
       Fruit             |       |       |     1 |     1 |     1 |     8 ||    11
       Meat ration       |       |       |       |     5 |     2 |     4 ||    11
       Royal jelly       |       |       |       |     1 |       |     1 ||     2
       Pizza             |       |       |       |       |       |     2 ||     2
Armor: Ring mail         |    43 |    10 |       |       |       |       ||    53
       Scale mail        |       |     6 |   124 |   311 |   754 |       ||  1195
       Skin              |       |       |       |    20 |       |       ||    20
       Chain mail        |       |       |       |       |    33 |   386 ||   419
Dodge: Dodged            |    56 |    19 |   128 |   386 |  1097 |   310 ||  1996
Block: Shield            |       |       |    44 |   130 |       |       ||   174
       Other             |       |       |       |       |       |    71 ||    71
       Reflection        |       |       |       |       |       |     8 ||     8
